 Dungeon Crawl Stone Soup version 0.24-a0-271-ga0fc33f (webtiles) character file.

Game seed: 1713766904941584064

1716 Ijustatesigmund the Chopper (level 9, -8/63 HPs)
             Began as an Octopode Fighter on Apr 24, 2019.
             Mangled by Harold
             ... wielding a +2 long sword of slicing
              (9 damage)
             ... on level 7 of the Dungeon.
             The game lasted 00:12:50 (7303 turns).

Ijustatesigmund the Chopper (Octopode Fighter)      Turns: 7303, Time: 00:12:51

Health: -8/63      AC:  1    Str: 20    XL:     9   Next: 4%
Magic:  18/18      EV: 14    Int: 10    God:
Gold:   327        SH: 14    Dex: 15    Spells: 8/8 levels left

rFire    . . .     SeeInvis .   l - +1 hand axe (freeze)
rCold    . . .     Gourm    .   b - +4 shield
rNeg     . . .     Faith    .   (helmet restricted)
rPois    .         Spirit   .   (no amulet)
rElec    .         Reflect  .   (no ring)
rCorr    .         Harm     .   p - ring of magical power
MR       .....                  (no ring)
Stlth    ++........             (no ring)
HPRegen  0.20/turn              (no ring)
MPRegen  0.16/turn              (no ring)
                                (no ring)
                                (no ring)

@: mighty
A: almost no armour, stealthy swim, amphibious, 8 rings, constrict 8, camouflage
1, gelatinous body 1
a: no special abilities


You were on level 7 of the Dungeon.
You were very hungry.

You visited 2 branches of the dungeon, and saw 8 of its levels.

You collected 327 gold pieces.

Inventory:

Hand Weapons
 a - a +0 war axe
 l - a +1 hand axe of freezing (weapon)
Armour
 b - a +4 shield (worn)
Jewellery
 p - a ring of magical power (right tentacle)
Wands
 n - a wand of polymorph (10)
 r - a wand of acid (5)
Scrolls
 f - 2 scrolls of remove curse
 i - 4 scrolls of teleportation
 j - 4 scrolls of identify
 o - a scroll of immolation
Potions
 c - a potion of might
 e - a potion of curing
 g - a potion of cancellation
 h - 2 potions of haste
 k - 2 potions of lignification
 m - 2 potions of heal wounds
 q - a potion of flight
 s - a potion of mutation {unknown}
 t - a potion of magic
Comestibles
 d - 10 rations


   Skills:
 + Level 6.6 Fighting
 + Level 7.8 Axes
 + Level 5.1 Dodging
 + Level 5.0 Shields


You had 8 spell levels left.
You didn't know any spells.
Your spell library was empty.

Dungeon Overview and Level Annotations

Branches:
Dungeon (7/15)             Temple (1/1) D:4

Altars:
Ashenzari
Cheibriados
Fedhas
Gozag
Hepliaklqana
Kikubaaqudgha
Makhleb
Nemelex Xobeh
Okawaru
Qazlal
Ru
Sif Muna
Trog
Uskayaw
Vehumet
Wu Jian
Xom
Yredelemnul
Zin
The Shining One

Shops:
D:2 *

Annotations:
D:7 Harold


Innate Abilities, Weirdness & Mutations

You cannot wear most types of armour.
You are very stealthy in the water. (Stealth+)
You are amphibious.
You can wear up to eight rings at the same time.
You can use your tentacles to constrict eight enemies at once.
Your skin changes colour to match your surroundings (Stealth+).
Your rubbery body absorbs attacks. (AC +1, EV +1)


Message History

Harold is lightly wounded.
You constrict Harold, but do no damage.
Harold hits you with a +2 long sword of slicing!
You are too injured to fight recklessly!
You are too injured to fight recklessly!
You are too injured to fight recklessly!
You are too injured to fight recklessly!
You feel very mighty all of a sudden.
You constrict Harold.
Harold hits you with a +2 long sword of slicing!
You slash Harold! You freeze Harold.
Harold is moderately wounded.
You constrict Harold.
Harold hits you with a +2 long sword of slicing!
* * * LOW HITPOINT WARNING * * *
x2 You hit Harold but do no damage.
You squeeze Harold.
Harold is moderately wounded.
You constrict Harold.
Harold hits you with a +2 long sword of slicing!
You die...

...
#...........##.####...###
.......##..#..# #......#
#.....##.....###..##...
#.....#..###.##..####..
#......### #....## ##.
##.....## #....#######
#......## #...........
#.#....#(#####...........
#..###@................
#.. #@.######.........
#.. ..## #.##...... .$.
..#. #.###...#. ... .## .
##....## ## .. #.....##
#. ........# ..
........## ..........


You could see Harold.

Vanquished Creatures
  A hippogriff (D:7)
  Duvessa (D:4)
  A sky beast (D:6)
  An ogre (D:4)
  A centaur (D:6)
  3 bullfrogs
  Dowan (D:4)
  5 wights (D:7)
  A howler monkey (Temple)
  A crimson imp (D:7)
  A bullfrog zombie (D:5)
  A hound (D:5)
  An orc priest (D:6)
  A bullfrog skeleton (D:7)
  2 jellies
  An orc wizard (D:6)
  2 gnoll shamans
  An iguana (D:5)
  2 worker ants
  A hound skeleton (D:6)
  Robin (D:4)
  A worker ant zombie (D:5)
  A howler monkey skeleton (D:4)
  8 gnolls
  3 adders
  An adder zombie (D:6)
  An adder skeleton (D:4)
  5 worms
  4 dart slugs
  2 leopard geckos (D:5)
  16 orcs
  6 ball pythons
  3 giant cockroaches
  24 goblins
  9 hobgoblins
  6 jackals (D:4)
  8 kobolds
  5 quokkas
  7 bats
  7 frilled lizards
  A leopard gecko zombie (D:6)
  A quokka skeleton (D:5)
  2 rats
151 creatures vanquished.

Notes
Turn   | Place    | Note
-------+----------+-------------------------------------------
     0 | D:1      | Ijustatesigmund the Octopode Fighter began the quest for
                  | the Orb.
     0 | D:1      | Reached XP level 1. HP: 16/16 MP: 1/1
   139 | D:1      | Reached XP level 2. HP: 20/21 MP: 2/2
   181 | D:1      | Reached skill level 3 in Axes
   661 | D:1      | Reached XP level 3. HP: 21/26 MP: 3/3
  1026 | D:2      | Found an opulent altar of Gozag.
  1030 | D:2      | Found Gozag's Platinum Reserve.
  1206 | D:2      | Reached skill level 4 in Axes
  1343 | D:2      | Reached XP level 4. HP: 31/31 MP: 4/4
  1912 | D:3      | Reached skill level 5 in Axes
  2361 | D:3      | Reached XP level 5. HP: 33/36 MP: 5/5
  2868 | D:4      | Noticed Duvessa
  2868 | D:4      | Noticed Dowan
  2876 | D:4      | Killed Dowan
  2877 | D:4      | Killed Duvessa
  2877 | D:4      | Reached XP level 6. HP: 30/43 MP: 6/6
  2911 | D:4      | Reached skill level 6 in Axes
  2985 | D:4      | Found a staircase to the Ecumenical Temple.
  2989 | Temple   | Entered the Ecumenical Temple
  2991 | Temple   | Reached XP level 7. HP: 21/49 MP: 7/7
  3342 | D:4      | Found a basalt altar of Yredelemnul.
  3413 | D:4      | Reached skill level 5 in Fighting
  3840 | D:4      | Noticed Robin
  3851 | D:4      | Killed Robin
  4127 | D:5      | Entered Level 5 of the Dungeon
  5091 | D:6      | Reached XP level 8. HP: 12/56 MP: 8/8
  5645 | D:6      | Reached skill level 7 in Axes
  6970 | D:7      | Noticed a hippogriff
  6982 | D:7      | Killed a hippogriff
  7175 | D:7      | Reached skill level 5 in Dodging
  7175 | D:7      | Reached XP level 9. HP: 63/63 MP: 9/9
  7199 | D:7      | Reached skill level 5 in Shields
  7291 | D:7      | Noticed Harold
  7302 | D:7      | HP: 1/63 [Harold/+2 long sword of slicing (4)]
  7303 | D:7      | Mangled by Harold

Levels and vault maps discovered:
D:1:      kennysheep_arrival_forest, layout_rooms
D:2:      layout_loops_corners, nicolae_gozag_zags_fifth_avenue,
          minmay_strange_pillars, minmay_pentomino_x2
D:3:      layout_basic, first_ration
D:4:      kennysheep_goblin_castle, layout_rooms, overflow_temple_1_default,
          minmay_temple_entry_overgrown, uniq_duvessa
D:5:      layout_loops_ring
D:6:      layout_cave_pools
D:7:      layout_layer_cave, uniq_harold
Temple:   regret_index_temple_mists

Skill      XL: |  1  2  3  4  5  6  7  8  9 |
---------------+----------------------------+-----
Axes           | 3 4 5 6 7 |  7.8
Fighting       | 4 5 6 |  6.6
Dodging        | 5 |  5.1
Shields        | 4 5 |  5.0

Action                   |  1- 3 |  4- 6 |  7- 9 || total
-------------------------+-------+-------+-------++-------
Melee: War axe           |    73 |    22 |       ||    95
       Constrict         |    26 |    17 |    48 ||    91
       Tentacles         |    13 |    13 |    43 ||    69
       Hand axe          |       |    28 |   185 ||   213
Evoke: Wand              |       |       |     4 ||     4
  Use: Scroll            |     8 |       |    12 ||    20
       Potion            |       |     2 |     4 ||     6
 Stab: Sleeping          |     9 |     7 |     6 ||    22
       Distracted        |       |     1 |     1 ||     2
  Eat: Chunk             |     1 |     2 |     9 ||    12
       Ration            |       |     1 |     1 ||     2
Armor: Skin              |     7 |     1 |     5 ||    13
Dodge: Dodged            |    31 |    18 |    69 ||   118
Block: Shield            |    29 |    29 |   126 ||   184

Table legend:
 A = Non-vault XP
 B = Vault XP
 C = Vault XP percentage of total XP
 D = Non-vault monster count
 E = Vault monster count
 F = Vault count percentage of total count
                 A         B        C        D         E       F
            +---------+---------+-------+---------+---------+-------
      Total |    2183 |     269 |  11.0 |     128 |      23 |  15.2
            +---------+---------+-------+---------+---------+-------
        D:1 |      44 |       0 |   0.0 |      24 |       0 |   0.0
        D:2 |      72 |       0 |   0.0 |      24 |       0 |   0.0
        D:3 |      53 |       0 |   0.0 |       8 |       0 |   0.0
        D:4 |     296 |     269 |  47.6 |      17 |      23 |  57.5
        D:5 |     206 |       0 |   0.0 |      17 |       0 |   0.0
        D:6 |     666 |       0 |   0.0 |      25 |       0 |   0.0
        D:7 |     792 |       0 |   0.0 |      12 |       0 |   0.0
     Temple |      54 |       0 |   0.0 |       1 |       0 |   0.0
            +---------+---------+-------+---------+---------+-------
